 Dungeon Crawl Stone Soup version 0.30-b1-2-g02819fbbbe (webtiles) character file.

Game seed: 7888011648178406314

3 Alarkh the Sneak (level 1, -1/18 HPs)
             Began as a Demonspawn Delver on May 22, 2023.
             Succumbed to an adder's poison
             ... on level 4 of the Dungeon.
             The game lasted 00:01:14 (151 turns).

Alarkh the Sneak (Demonspawn Delver)                 Turns: 151, Time: 00:01:14

Health: -1/18      AC:  3    Str: 12    XL:     1   Next: 41%
Magic:  1/1        EV: 11    Int: 11    God:
Gold:   0          SH:  0    Dex: 14    Spells: 0/0 levels left

rFire   . .          .
                       - Unarmed
rCold   . . .        (no shield)
rNeg    . . .        a - +0 leather armour
rPois   .            (no helmet)
rElec   .            (no cloak)
rCorr   .            (no gloves)
SInv    .            (no boots)
Will    .....        (no amulet)
Stlth   ++           (no ring)
HPRegen 0.23/turn    (no ring)
MPRegen 0.07/turn

%: no passive effects
@: brilliant, lethally poisoned (-1 -> -12), attractive
A: no striking features
a: no special abilities


You were on level 4 of the Dungeon.
You visited 1 branch of the dungeon, and saw 2 of its levels.

Inventory:

Armour
 a - a +0 leather armour (worn)
Wands
 f - a wand of digging (3)
Scrolls
 b - a scroll of fog
 c - a scroll of magic mapping
 d - a scroll of fear
Potions
 e - a potion of haste


   Skills:
 - Level 3.0 Fighting
 - Level 1.7 Dodging
 - Level 4.5 Stealth
 + Level 2.1 Unarmed Combat


You couldn't memorise any spells.
You didn't know any spells.
Your spell library was empty.

Dungeon Overview and Level Annotations

Branches:
Dungeon (5/15)
 Temple: D:4-7

Altars:

Annotations:
D:4 2 transporters, Natasha; dorian's ghost, novice FoFi


Message History

You start resting.
HP restored.
Found a book of Fire.
A hound comes into view.
Found a smoky blue potion.
The hound barks!
Found a scroll labelled WUUCUI KOIREA.
An adder comes into view.
You see here a smoky blue potion.
h - a smoky blue potion It was a potion of attraction.
You feel attractive to monsters.
It was a potion of brilliance.
You feel clever all of a sudden. The adder bites you.
You barely miss the adder. The adder bites you.
You hit the adder but do no damage. The adder closely misses you.
You closely miss the adder. The adder closely misses you.
The adder barely misses you.
You barely miss the adder. The adder closely misses you.
You barely miss the adder. The adder bites you.
You are poisoned.
The adder poisons you!
You closely miss the adder.
You feel sick. The adder closely misses you.
You hit the adder but do no damage.
You feel sick. The adder bites you.
You are lethally poisoned!
The adder poisons you! The adder misses you.
You closely miss the adder.
You feel sick. The adder bites you but does no damage.
You hit the adder.
The adder is heavily wounded.
* * * LOW HITPOINT WARNING * * *
You feel sick. The adder bites you.
* * * LOW HITPOINT WARNING * * *
You are more poisoned.
The adder poisons you!
Okay, then.
You hit the adder.
The adder is heavily wounded.
You die...

####..#.####.##.....
#.†....###....##.#..
##.###.............:.
#######..####...........h...
##......................
#.......©..............
#...#########..........
#..##8h$$?.8##....##....
#..#©.......W#..@## ...
#..#..#.).#.g#.S#####...
#..#.#.....#5#...#......
#..#....©...h#..........
#..#.#.....#.#..........
#..#..#...#..#..........
#..#.........#..........
#..##8.....8##..........
....#########.?.........


You could see a hound, dorian's ghost, an adder, an ufetubus and a goblin.

Vanquished Creatures
  2 ball pythons (D:4)
  A hobgoblin (D:4)
3 creatures vanquished.

Notes
Turn   | Place    | Note
-------+----------+-------------------------------------------
     0 | D:5      | Alarkh the Demonspawn Delver began the quest for the Orb.
     0 | D:5      | Reached XP level 1. HP: 18/18 MP: 1/1
     8 | D:4      | Noticed Natasha
    25 | D:4      | Found a transporter.
    34 | D:4      | Noticed dorian's ghost (novice FoFi)
    40 | D:4      | Found a transporter.
    40 | D:4      | Noticed a hound
   108 | D:4      | Noticed a hound
   151 | D:4      | Succumbed to an adder's poison

Illustrated notes

Levels and vault maps discovered:
D:4:      layout_cave_pools, minmay_temple_entry_trees, serial_shops,
          kennysheep_mini_moat, gammafunk_ghost_arena, uniq_natasha
D:5:      layout_basic, serial_shops, kennysheep_little_box, uniq_eustachio,
          uniq_sigmund

Skill      XL: |  1 |
---------------+----+-----
Unarmed Combat | 2 |  2.1
Fighting       | |  3.0
Dodging        | |  1.7
Stealth        | |  4.5

Action                     || total
---------------------------++-------
  Melee: Unarmed           ||    20
         Punch             ||     1
    Use: Potion            ||     2
 Armour: Leather armour    ||     1
  Dodge: Dodged            ||    12
